 Dungeon Crawl Stone Soup version 0.16-a0-2934-g71f8417 (webtiles) character file.

26 Kemay the Ducker (level 3, 0/23 HPs)
             Began as an Octopode Transmuter on Dec 3, 2014.
             Slain by a giant gecko (4 damage)
             ... on level 1 of the Dungeon.
             The game lasted 00:02:39 (916 turns).

Kemay the Ducker (Octopode Transmuter)               Turns: 916, Time: 00:02:39

Health: 0/23       AC:  1    Str:  9    XL:     3   Next: 8%
Magic:  5/6        EV: 13    Int: 15    God:
Gold:   26         SH:  0    Dex: 13    Spells: 1 memorised, 5 levels left

rFire  . . .     SeeInvis .     h - -3 dagger (curse)
rCold  . . .     Clarity  .     (no shield)
rNeg   . . .     SustAb   .     (helmet restricted)
rPois  .         Gourm    .     (no amulet)
rElec  .         Spirit   .     (no ring)
rCorr  .         Warding  .     (no ring)
rMut   .         Stasis   .     (no ring)
MR     .....                    (no ring)
Stlth  ++........               (no ring)
                                (no ring)
                                (no ring)
                                (no ring)

@: appendage (expiring), not resistant to hostile enchantments, unstealthy
A: almost no armour, amphibious, 8 rings, constrict 8, tentacle spike 3,
camouflage 1, gelatinous body 1
a: End Transformation


You were on level 1 of the Dungeon.
You were not hungry.
One of your tentacles had a temporary spike.
You visited 1 branch of the dungeon, and saw 1 of its levels.

You collected 26 gold pieces.

Inventory:

Hand weapons
 h - a cursed -3 dagger (weapon)
Books
 d - a book of Changes

   Spells                             Type                      Level
   a - Beastly Appendage              Transmutation                1
   b - Sticks to Snakes               Transmutation                2
   c - Spider Form                    Transmutation/Poison         3
   d - Ice Form                       Ice/Transmutation            4
   e - Blade Hands                    Transmutation                5
Comestibles
 a - a bread ration
 c - 3 chunks of flesh
 g - 3 fruits


   Skills:
 - Level 1.0 Fighting
 + Level 3.4 Dodging
 - Level 3.0 Unarmed Combat
 - Level 2.0 Spellcasting
 - Level 2.0 Transmutations


You had 5 spell levels left.
You knew the following spells:

 Your Spells              Type           Power        Failure   Level  Hunger
a - Beastly Appendage     Trmt           #.....       12%         1    #......


Dungeon Overview and Level Annotations

Branches:
Dungeon (1/15)

Altars:


Innate Abilities, Weirdness & Mutations

You cannot wear most types of armour.
You are amphibious.
You can wear up to eight rings at the same time.
You can use your tentacles to constrict many enemies at once.
Your skin changes colour to match your surroundings (Stealth).
Your rubbery body absorbs attacks (AC +1).
One of your tentacles bears a large vicious spike.


Message History

Confirm with . or Enter, or press ? or * to list all spells.
One of your tentacles grows a vicious spike.
You closely miss the giant gecko. Your grab misses the giant gecko.
Your tentacle spike misses the giant gecko.
Your transformation is almost over.
The giant gecko barely misses you.
You hit the giant gecko but do no damage.
Your grab misses the giant gecko. The giant gecko bites you.
The giant gecko bites you.
You closely miss the giant gecko. Your grab misses the giant gecko.
Your tentacle spike misses the giant gecko.
The giant gecko bites you.
* * * LOW HITPOINT WARNING * * *
You miss the giant gecko. Your grab misses the giant gecko.
The giant gecko bites you but does no damage.
You hit the giant gecko but do no damage.
Your grab misses the giant gecko.
Your tentacle spike misses the giant gecko.
Your squeeze misses the giant gecko. The giant gecko bites you.
You die...

.....#####.##.#'#################
..................)............(.
.######....#..#.######..........[
.####.........#.#####.....######.
.#.........#.##...........# #..
.#.##.####)#.#######.(....# #.#
.#.##+####.#............(.# #.#
.#......##.##########.....# #.#
.#......##......@l..'.....# #.#
.#......#####....####.....# #.#
.#......##..'....# #.....# #.#
.#......##.##....# #.....# #.#
##......##.####'## #.....# #..
.#.##......# #.# #.....# ###
.#.######### #.# #.....#######
.#.........# #.# #.....##.....
##########.####.# #.....##.....


You could see a giant gecko.

Vanquished Creatures
  2 oozes (D:1)
  2 bats (D:1)
  A giant cockroach (D:1)
  3 hobgoblins (D:1)
  2 giant newts (D:1)
  6 goblins (D:1)
  2 jackals (D:1)
  3 kobolds (D:1)
  3 rats (D:1)
24 creatures vanquished.

Notes
Turn   | Place    | Note
--------------------------------------------------------------
     0 | D:1      | Kemay, the Octopode Transmuter, began the quest for the Orb.
     0 | D:1      | Reached XP level 1. HP: 13/13 MP: 3/3
   110 | D:1      | Reached XP level 2. HP: 15/18 MP: 1/4
   795 | D:1      | Reached XP level 3. HP: 15/23 MP: 6/6
   916 | D:1      | Slain by a giant gecko

Action                   || total
-------------------------++-------
Melee: Unarmed           ||    51
       Dagger            ||    12
 Cast: Beastly Appendage ||    13
  Use: Scroll            ||     4
 Stab: Sleeping          ||     2
